 Dungeon Crawl Stone Soup version 0.26-a0-27-g1f0226971c (webtiles) character file.

Game seed: 1710306748224852287, levelgen mode: deterministic

11098 vurker the Geomancer (level 11, 0/76 (77) HPs)
             Began as an Octopode Earth Elementalist on May 27, 2020.
             Was a Priest of Vehumet.
             Slain by a red ugly thing (21 damage)
             ... on level 11 of the Dungeon.
             The game lasted 00:24:05 (16889 turns).

vurker the Geomancer (Octopode Earth Elementalist) Turns: 16889, Time: 00:24:06

HP:   0/76 (77)     AC:  3    Str:  8    XL:     11   Next: 72%
MP:   10/25         EV: 13    Int: 21    God:    Vehumet [***...]
Gold: 443           SH:  0    Dex: 15    Spells: 20/31 levels left

rFire    . . .     SeeInvis .   a - +0 dagger
rCold    . . .     Gourm    .   (no shield)
rNeg     . . .     Faith    .   k - +2 hat
rPois    +         Spirit   .   v - amulet of the acrobat
rElec    .         Reflect  .   r - ring of protection from magic
rCorr    .         Harm     .   w - ring of flight
MR       +....                  x - ring of the Scavenger {rPois Dex+3}
Stlth    +++.......             (no ring)
HPRegen  0.22/turn              (no ring)
MPRegen  0.19/turn              (no ring)
                                (no ring)
                                (no ring)

@: no status effects
A: almost no armour, stealthy swim, amphibious, 8 rings, constrict 8, camouflage
1, gelatinous body 1
a: Renounce Religion, Evoke Flight


You were on level 11 of the Dungeon.
You worshipped Vehumet.
Vehumet was most pleased with you.
You were not hungry.

You visited 2 branches of the dungeon, and saw 12 of its levels.

You collected 443 gold pieces.

Inventory:

Hand Weapons
 a - a +0 dagger (weapon)
   (You took it off a goblin on level 1 of the Dungeon)
Missiles
 b - 172 stones (quivered)
 h - 3 throwing nets
Armour
 k - a +2 hat (worn)
   (You found it on level 2 of the Dungeon)
 E - a +2 kite shield
   (You found it on level 10 of the Dungeon)
Magical Staves
 y - an uncursed staff of air
   (You found it on level 9 of the Dungeon)
Jewellery
 m - an uncursed amulet of reflection
   (You found it on level 3 of the Dungeon)
 r - a ring of protection from magic (left tentacle)
   (You found it on level 4 of the Dungeon)
 v - an amulet of the acrobat (around mantle)
   (You took it off an orc warrior on level 8 of the Dungeon)
 w - a ring of flight (right tentacle)
   (You found it on level 7 of the Dungeon)
 x - the ring of the Scavenger (on tentacle) {rPois Dex+3}
   (You found it on level 7 of the Dungeon)

   [ring of poison resistance]

   It affects your dexterity (+3).
   It protects you from poison.
Wands
 c - a wand of enslavement (11)
   (You took it off a goblin on level 3 of the Dungeon)
 d - a wand of iceblast (19)
   (You found it on level 4 of the Dungeon)
 t - a wand of flame (17)
   (You found it on level 10 of the Dungeon)
 u - a wand of polymorph (4)
   (You found it on level 5 of the Dungeon)
Scrolls
 g - 8 scrolls of teleportation
 i - 4 scrolls of enchant armour
 j - a scroll of blinking {unknown}
 l - 6 scrolls of remove curse
 o - 5 scrolls of fear
 p - 2 scrolls of enchant weapon
 s - a scroll of immolation
 C - a scroll of fog {unknown}
 D - 3 scrolls of magic mapping {unknown}
 F - 4 scrolls of amnesia
 I - a scroll of brand weapon {unknown}
Potions
 f - 5 potions of curing
 n - 3 potions of flight
 q - 5 potions of lignification
 z - a potion of resistance
 A - 2 potions of haste
 B - 2 potions of heal wounds
 G - a potion of magic {unknown}
Comestibles
 e - 22 rations


   Skills:
 + Level 7.8 Fighting
 - Level 2.0 Dodging
 - Level 2.6 Stealth
 * Level 10.5 Spellcasting
 - Level 3.0 Conjurations
 - Level 3.0 Transmutations
 * Level 11.5 Earth Magic


You had 20 spell levels left.
You knew the following spells:

 Your Spells              Type           Power        Failure   Level  Hunger
a - Sandblast             Erth           ######       1%          1    None
b - Stone Arrow           Conj/Erth      #####.       1%          3    None
q - Passwall              Tmut/Erth      #####...     1%          2    None
z - Lee's Rapid Deconstr  Erth           ######....   1%          5    ####...

Your spell library contained the following spells:

 Spells                   Type           Power        Failure   Level  Hunger
 Mephitic Cloud           Conj/Pois/Air  ###.....     3%          3    None
 Foxfire                  Conj/Fire      ###.         1%          1    None
 Shock                    Conj/Air       ###.         1%          1    None
 Conjure Flame            Conj/Fire      ###.....     2%          3    None
 Dazzling Flash           Conj/Hex       ###...       2%          3    None
 Static Discharge         Conj/Air       ###.....     2%          3    None
 Petrify                  Tmut/Erth      #####...     3%          4    ##.....
 Inner Flame              Hex/Fire       ##......     5%          3    None
 Corona                   Hex            ##.....      6%          1    None
 Sticky Flame             Conj/Fire      ###.....     9%          4    ##.....
 Ensorcelled Hibernation  Hex/Ice        ##....       10%         2    None
 Swiftness                Chrm/Air       ##......     10%         2    None
 Airstrike                Air            ##........   16%         4    ##.....
 Confusing Touch          Hex            ##......     19%         3    None
 Tukima's Dance           Hex            ##......     19%         3    None
 Fireball                 Conj/Fire      ###.......   24%         5    ####...
 Lightning Bolt           Conj/Air       ###.......   24%         5    ####...


Dungeon Overview and Level Annotations

Branches:
Dungeon (11/15)            Temple (1/1) D:7            Lair (0/6) D:9
    Orc (0/2) D:10

Altars:
Ashenzari
Cheibriados
Dithmenos
Elyvilon
Kikubaaqudgha
Makhleb
Okawaru
Qazlal
Ru
Sif Muna
Vehumet
Wu Jian
Xom
Yredelemnul
Zin

Annotations:
D:6 3 runed translucent doors, Bvern's ghost, novice DEWz


Innate Abilities, Weirdness & Mutations

You cannot wear most types of armour.
You are very stealthy in the water. (Stealth+)
You are amphibious.
You can wear up to eight rings at the same time.
You can use your tentacles to constrict eight enemies at once.
Your skin changes colour to match your surroundings (Stealth+).
Your rubbery body absorbs attacks. (AC +1, EV +1)


Message History

Something hits you!
A rock wall.
The wall shatters!
The blast of rock fragments hits something!
Something hits you!
A rock wall.
The wall shatters!
The blast of rock fragments hits something!
Vehumet accepts your kill.
Vehumet offers you knowledge of Mephitic Cloud.
Reactivating autopickup.
You feel a bit more experienced.
You are feeling hungry.
Unknown command.
There is an open door, spattered with blood here.
You see here an arrow.
You close the door, pushing everything out of the way.
Okay, then.
Eating one of 13 chunks of flesh.
You eat one of the 13 chunks of flesh.
Some of the chunks of flesh in your inventory have rotted away.
All of the chunks of flesh in your inventory have rotted away.
You open the door.
There is an open door, spattered with blood here.
Things that are here:
a +0 shortbow; 19 arrows; a centaur skeleton
Things that are here:
a +0 shortbow; 26 arrows; a centaur skeleton The red ugly thing is too close now for your liking.
A red ugly thing is nearby!
A red ugly thing is nearby!
You can't see any susceptible monsters within range! (Use Z to cast anyway.)
The red ugly thing gurgles horribly!
Aim: a red ugly thing The stone arrow hits the red ugly thing!!
Aim: a red ugly thing (moderately wounded)
The stone arrow hits the red ugly thing.
The red ugly thing kicks you.
You are engulfed in flames!
Aim: a red ugly thing (moderately wounded)
The stone arrow hits the red ugly thing!!
The red ugly thing barely misses you.
Aim: a red ugly thing (severely wounded)
The stone arrow hits the red ugly thing!
The red ugly thing kicks you!
You are engulfed in flames!
* * * LOW HITPOINT WARNING * * *
Aim: a red ugly thing (almost dead)
The stone arrow hits the red ugly thing!
The red ugly thing kicks you!
* * * LOW HITPOINT WARNING * * *
You are engulfed in flames!!
You die...

############ #..........#
###..........# ...[.........
#<.........# #........=.#
#...u......# #...@......#
####.####### #..# #. ##.# #.
#.# #. ######### #####.######
#. ........#
###......(...#####.##
........###................#..#
........#...#..........###.##.#


You could see a red ugly thing.

Vanquished Creatures
  2 unseen horrors
  A manticore (D:11)
  A gargoyle (D:8)
  A troll (D:9)
  A merfolk (D:9)
  2 hippogriffs
  A shadow (D:8)
  2 wyverns
  Grum (D:8)
  A steam dragon (D:8)
  2 vampire mosquitoes (D:10)
  Menkaure (D:7)
  An acid dragon (D:8)
  4 porcupines (D:9)
  4 ice beasts
  6 orc warriors
  2 sky beasts
  4 phantoms
  A swamp drake (D:10)
  5 black bears (D:9)
  2 necrophages
  7 ogres
  3 wolves (D:8)
  11 centaurs
  3 big kobolds (D:10)
  8 bullfrogs
  4 scorpions
  A water moccasin skeleton (D:4)
  10 killer bees
  3 wights (D:9)
  A howler monkey (D:7)
  4 crimson imps
  2 centaur zombies (D:6)
  A jelly (D:3)
  5 orc priests
  Crazy Yiuf (D:7)
  3 hounds
  2 centaur skeletons
  A bullfrog skeleton (D:10)
  2 iguanas
  10 orc wizards
  7 worker ants
  A killer bee zombie (D:9)
  A hound skeleton (D:4)
  A howler monkey zombie (D:6)
  A howler monkey skeleton (D:6)
  7 adders
  3 shadow imps
  An ooze (D:1)
  An adder skeleton (D:7)
  4 worms
  3 dart slugs
  5 leopard geckos
  39 orcs
  5 bats
  4 giant cockroaches
  2 gnoll zombies (D:2)
  16 goblins
  8 hobgoblins
  5 jackals
  26 kobolds
  A quokka (D:11)
  2 ball pythons
  A frilled lizard (D:2)
  A jackal skeleton (D:4)
  3 leopard gecko skeletons
  A quokka skeleton (D:4)
  14 rats
290 creatures vanquished.

Vanquished Creatures (others)
  7 fungi (D:9)
  A plant (D:9)
8 creatures vanquished.

Grand Total: 298 creatures vanquished

Notes
Turn   | Place    | Note
-------+----------+-------------------------------------------
     0 | D:1      | vurker the Octopode Earth Elementalist began the quest for
                  | the Orb.
     0 | D:1      | Reached XP level 1. HP: 11/11 MP: 3/3
   455 | D:1      | Reached XP level 2. HP: 12/18 MP: 5/5
   859 | D:1      | Reached skill level 1 in Fighting
   859 | D:1      | Reached XP level 3. HP: 18/23 MP: 6/6
  1428 | D:2      | Learned a level 3 spell: Stone Arrow
  1431 | D:2      | Learned a level 2 spell: Passwall
  1464 | D:2      | Noticed a phantom
  1498 | D:2      | Killed a phantom
  1498 | D:2      | Reached skill level 4 in Earth Magic
  1498 | D:2      | Reached XP level 4. HP: 20/29 MP: 0/8
  1498 | D:2      | Reached XP level 5. HP: 24/34 MP: 0/9
  2224 | D:2      | Found a basalt altar of Yredelemnul.
  2320 | D:2      | Noticed an ogre
  2326 | D:2      | Killed an ogre
  2326 | D:2      | Reached XP level 6. HP: 31/39 MP: 7/11
  3253 | D:3      | Learned a level 5 spell: Lee's Rapid Deconstruction
  3591 | D:4      | Noticed a phantom
  3613 | D:4      | Killed a phantom
  3613 | D:4      | Reached skill level 1 in Conjurations
  3613 | D:4      | Reached skill level 5 in Earth Magic
  3613 | D:4      | Reached XP level 7. HP: 42/45 MP: 4/13
  4131 | D:4      | Found a shadowy altar of Dithmenos.
  4132 | D:4      | Found an ancient bone altar of Kikubaaqudgha.
  4175 | D:4      | Found a glowing silver altar of Zin.
  4486 | D:5      | Entered Level 5 of the Dungeon
  4514 | D:4      | Reached XP level 8. HP: 29/52 MP: 9/15
  4789 | D:5      | Reached skill level 5 in Spellcasting
  4865 | D:5      | Reached skill level 6 in Earth Magic
  5601 | D:5      | Found a shimmering blue altar of Sif Muna.
  5628 | D:5      | Found an iron altar of Okawaru.
  5808 | D:5      | Found an iron altar of Okawaru.
  6120 | D:6      | Found a runed translucent gate.
  6120 | D:6      | Found a runed translucent gate.
  6120 | D:6      | Noticed Bvern's ghost (novice DEWz)
  6139 | D:6      | Found a runed translucent gate.
  6140 | D:6      | Noticed a kobold demonologist
  6244 | D:6      | Reached skill level 7 in Earth Magic
  6260 | D:6      | HP: 1/54 [sky beast (6)]
  6261 | D:6      | Reached XP level 9. HP: 1/58 MP: 1/18
  6934 | D:6      | Found an ornate altar of the Wu Jian Council.
  6945 | D:6      | Found a shattered altar of Ashenzari.
  7935 | D:6      | Found a shattered altar of Ashenzari.
  7948 | D:6      | Found an ornate altar of the Wu Jian Council.
  8731 | D:7      | Found a staircase to the Ecumenical Temple.
  8795 | Temple   | Entered the Ecumenical Temple
  8808 | Temple   | Became a worshipper of Vehumet
  8902 | D:7      | Noticed Menkaure
  8905 | D:7      | Killed Menkaure
  8905 | D:7      | Reached skill level 8 in Earth Magic
  8978 | D:7      | Found a runed translucent door.
  8979 | D:7      | Noticed Crazy Yiuf
  9206 | D:7      | Reached skill level 5 in Fighting
  9760 | D:7      | Found a burning altar of Makhleb.
  9760 | D:7      | Found a white marble altar of Elyvilon.
  9761 | D:7      | Found a shimmering altar of Xom.
  9864 | D:7      | Got a bound platinum ring
  9982 | D:7      | Killed Crazy Yiuf
 10234 | D:8      | Identified the ring of the Scavenger {rPois Dex+3} (You
                  | found it on level 7 of the Dungeon)
 10428 | D:8      | Reached XP level 10. HP: 66/66 MP: 15/21
 10482 | D:8      | Reached skill level 9 in Earth Magic
 10529 | D:8      | Noticed Grum
 10908 | D:8      | Killed Grum
 11288 | D:8      | Noticed a gargoyle
 11300 | D:8      | Killed an unseen horror
 11797 | D:8      | Killed a gargoyle
 11950 | D:8      | Reached skill level 10 in Earth Magic
 11985 | D:8      | Reached * piety under Vehumet
 11985 | D:8      | Offered knowledge of Magic Dart by Vehumet.
 12435 | D:9      | Found a staircase to the Lair.
 12821 | D:9      | Reached XP level 11. HP: 67/74 MP: 18/24
 13937 | D:10     | Entered Level 10 of the Dungeon
 14339 | D:10     | Offered knowledge of Freeze by Vehumet.
 14503 | D:10     | Reached ** piety under Vehumet
 15016 | D:10     | Reached skill level 11 in Earth Magic
 15126 | D:10     | Reached skill level 10 in Spellcasting
 15198 | D:10     | Offered knowledge of Ignite Poison by Vehumet.
 15358 | D:10     | Found a staircase to the Orcish Mines.
 15839 | D:11     | Noticed a red ugly thing
 16137 | D:11     | Reached *** piety under Vehumet
 16222 | D:11     | Noticed a manticore
 16226 | D:11     | Killed a manticore
 16689 | D:11     | Killed an unseen horror
 16689 | D:11     | Offered knowledge of Mephitic Cloud by Vehumet.
 16889 | D:11     | Slain by a red ugly thing

Illustrated notes

Levels and vault maps discovered:
D:1:      dpeg_arrival_ratfight, layout_loops_ring
D:2:      layout_loops_cross, lemuel_zombie_altar_yredelemnul
D:3:      layout_loops_ring, first_ration
D:4:      layout_basic, zin_statuary, gammafunk_temple_overflow_statue
D:5:      layout_cave_pools, kennysheep_little_box, kennysheep_mini_moat,
          okawaru_altar_gauntlet_db
D:6:      layout_basic, cheibrodos_ashenzari_chains,
          gammafunk_ghost_nasty_kobolds, basic_altar
D:7:      layout_loops_corners, gammafunk_temple_overflow_claw,
          minmay_temple_entry_junction, uniq_crazy_yiuf_cottage, uniq_menkaure
D:8:      minmay_bloctagon, layout_rooms, uniq_grum
D:9:      layout_loops_corners, due_lair_maze_entry_diamond,
          hangedman_fish_farm, hangedman_abyss_or_decor_stagger
D:10:     layout_roguey, erik_orc_1
D:11:     layout_roguey
Temple:   nicolae_temple_hex_pool

Skill      XL: |  1  2  3  4  5  6  7  8  9 10 11 |
---------------+----------------------------------+-----
Fighting       | 1 2 3 4 5 6 7 |  7.8
Spellcasting   | 3 4 6 7 9 10 | 10.5
Earth Magic    | 4 5 7 8 10 11 | 11.5
Conjurations   | 1 2 3 |  3.0
Transmutations | 2 3 |  3.0
Dodging        | |  2.0
Stealth        | |  2.6

Action                   |  1- 3 |  4- 6 |  7- 9 | 10-12 || total
-------------------------+-------+-------+-------+-------++-------
Melee: Dagger            |    70 |   108 |   174 |    18 ||   370
       Constrict         |    19 |    31 |    26 |     5 ||    81
       Unarmed           |     3 |       |       |       ||     3
       Tentacles         |     7 |    21 |    32 |     3 ||    63
 Cast: Sandblast         |     9 |    30 |    60 |    81 ||   180
       Stone Arrow       |       |       |    63 |   166 ||   229
       Lee's Rapid Decon |       |       |       |    13 ||    13
Evoke: Wand              |       |       |       |     2 ||     2
  Use: Scroll            |       |     2 |    10 |     8 ||    20
 Stab: Sleeping          |     5 |     6 |    12 |       ||    23
       Distracted        |       |       |     1 |       ||     1
  Eat: Chunk             |     2 |     6 |    11 |    20 ||    39
       Ration            |       |       |     3 |     1 ||     4
Armor: Skin              |     4 |    14 |    32 |     8 ||    58
Dodge: Dodged            |    35 |    61 |   134 |    87 ||   317
Block: Other             |       |     9 |    48 |    10 ||    67
       Reflection        |       |     1 |     5 |       ||     6

Table legend:
 A = Non-vault XP
 B = Vault XP
 C = Vault XP percentage of total XP
 D = Non-vault monster count
 E = Vault monster count
 F = Vault count percentage of total count
                 A         B        C        D         E       F
            +---------+---------+-------+---------+---------+-------
      Total |   10695 |    5160 |  32.5 |     232 |      58 |  20.0
            +---------+---------+-------+---------+---------+-------
        D:1 |      42 |       5 |  10.6 |      20 |       5 |  20.0
        D:2 |     290 |       4 |   1.4 |      22 |       2 |   8.3
        D:3 |     101 |       0 |   0.0 |      23 |       0 |   0.0
        D:4 |     594 |       0 |   0.0 |      29 |       0 |   0.0
        D:5 |     872 |      10 |   1.1 |      13 |       6 |  31.6
        D:6 |    1021 |       0 |   0.0 |      18 |       0 |   0.0
        D:7 |    1138 |     217 |  16.0 |      16 |       2 |  11.1
        D:8 |     858 |    2728 |  76.1 |      13 |      14 |  51.9
        D:9 |    1272 |    1631 |  56.2 |      18 |      12 |  40.0
       D:10 |    1689 |     565 |  25.1 |      38 |      17 |  30.9
       D:11 |    2818 |       0 |   0.0 |      22 |       0 |   0.0
            +---------+---------+-------+---------+---------+-------
